 Dungeon Crawl Stone Soup version 0.20-a0-809-gaf7f668 (console) character file.

353 nht the Twirler (level 6, -1/44 HPs)
             Began as a Demonspawn Gladiator on Mar 3, 2017.
             Blown up by an orc wizard (22 damage)
             ... with a wand of disintegration (?/24)
             ... on level 4 of the Dungeon.
             The game lasted 00:03:11 (2428 turns).

nht the Twirler (Demonspawn Gladiator)              Turns: 2428, Time: 00:03:11

Health: -1/44      AC:  7    Str: 15    XL:     6   Next: 35%
Magic:  6/6        EV: 12    Int: 11    God:
Gold:   239        SH:  0    Dex: 14    Spells: 5/5 levels left

rFire    . . .     SeeInvis .   a - +0 quarterstaff
rCold    . . .     Gourm    .   b - +0 leather armour
rNeg     . . .     Faith    .   (shield currently unavailable)
rPois    .         Spirit   .   c - +0 helmet
rElec    .         Reflect  .   (no cloak)
rCorr    .         Harm     .   (no gloves)
MR       .....                  (no boots)
Stlth    +.........             (no amulet)
Regen    0.2/turn               (no ring)
MPRegen  0.1/turn               (no ring)

@: no status effects
A: thin metallic scales 2, powered by death 1
a: no special abilities


You were on level 4 of the Dungeon.
You were not hungry.

You visited 1 branch of the dungeon, and saw 4 of its levels.

You collected 239 gold pieces.

Inventory:

Hand Weapons
 a - a +0 quarterstaff (weapon)
Missiles
 d - 3 throwing nets (quivered)
Armour
 b - a +0 leather armour (worn)
 c - a +0 helmet (worn)
Wands
 l - a wand of random effects (22/48)
Scrolls
 e - 7 scrolls of teleportation {unknown}
 h - 3 scrolls of identify {unknown}
 k - 2 scrolls of remove curse {unknown}
 n - a scroll of fog {unknown}
 o - 3 scrolls of fear {unknown}
 q - a scroll of magic mapping {unknown}
 u - a scroll of enchant weapon {unknown}
Potions
 j - a potion of curing
 m - a potion of ambrosia
 p - a potion of mutation {unknown}
 r - a potion of lignification
 s - a potion of cancellation {unknown}
 t - a potion of heal wounds {unknown}
Comestibles
 f - 3 bread rations
 g - 4 meat rations


   Skills:
 - Level 2.0 Fighting
 + Level 6.6 Staves
 - Level 1.7 Throwing
 - Level 2.6 Dodging


You had 5 spell levels left.
You didn't know any spells.

Dungeon Overview and Level Annotations

Branches:
Dungeon (4/15)
 Temple: D:4-7

Altars:

Shops:
D:4 :


Innate Abilities, Weirdness & Mutations

You are mostly covered in thin metallic scales. (AC +3)
You regenerate a little health from kills.


Message History

Eating one of 6 chunks of flesh.
You eat one of the 6 chunks of flesh.
This raw flesh tastes terrible.
Some of the chunks of flesh in your inventory have rotted away. x2
All of the chunks of flesh in your inventory have rotted away.
HP restored.
You now have 231 gold pieces (gained 10).
Found 22 sling bullets.
There is an escape hatch in the floor here.
You now have 239 gold pieces (gained 8).
An orc wizard comes into view. It is wielding a dagger.
The orc wizard shouts!
The orc wizard gestures at you while chanting.
The magic dart hits you!
An orc wizard is nearby!
The orc wizard zaps a wand.
You are blasted!
It is a wand of disintegration (?/24).
An orc wizard is nearby!
The orc wizard zaps a wand.
You are blasted!
Ouch! That really hurt!
You die... █.█ ..█ ███ ████

███ █.. .. █.█
.█
███████.███.██
█.........@o.█
█.██████.███.█
█.█ ██.█ ..
██.█ █.█ .█
██████..█ .█ █
█.......█ █
█.████..█ █.█
█..█ █.██
█....


You could see an orc wizard.

Vanquished Creatures
  A phantom (D:3)
  A scorpion (D:4)
  A howler monkey (D:3)
  An iguana (D:4)
  A worker ant (D:4)
  6 adders
  A gnoll (D:1)
  3 worms
  2 dart slugs (D:1)
  2 leopard geckos
  An orc (D:3)
  2 giant cockroaches (D:3)
  4 hobgoblins
  4 jackals (D:3)
  7 bats
  4 frilled lizards
  6 goblins
  5 kobolds
  10 rats
62 creatures vanquished.

Notes
Turn   | Place    | Note
-------+----------+-------------------------------------------
     0 | D:1      | nht the Demonspawn Gladiator began the quest for the Orb.
     0 | D:1      | Reached XP level 1. HP: 16/16 MP: 1/1
   199 | D:1      | Reached skill level 3 in Staves
   296 | D:1      | Gained mutation: You are partially covered in thin metallic scales. (AC +2) [demonic ancestry]
   296 | D:1      | Reached XP level 2. HP: 20/22 MP: 2/2
   793 | D:2      | Reached XP level 3. HP: 19/27 MP: 3/3
   892 | D:1      | Reached skill level 4 in Staves
  1072 | D:2      | Gained mutation: You regenerate a little health from kills. [demonic ancestry]
  1072 | D:2      | Reached XP level 4. HP: 21/33 MP: 4/4
  1515 | D:3      | Noticed a phantom
  1556 | D:3      | Killed a phantom
  1556 | D:3      | Reached skill level 5 in Staves
  1556 | D:3      | Gained mutation: You are mostly covered in thin metallic scales. (AC +3) [demonic ancestry]
  1556 | D:3      | Reached XP level 5. HP: 38/38 MP: 5/5
  1753 | D:3      | Reached skill level 6 in Staves
  1993 | D:4      | Reached XP level 6. HP: 36/44 MP: 6/6
  2007 | D:4      | Found Xeitruc's Book Shoppe.
  2428 | D:4      | Blown up by an orc wizard

Vault maps used:
D:1:      saegor_arrival_simple_f, kennysheep_pointless_box
D:2:      first_bread
D:3:      minmay_gold_behind_fungi
D:4:      serial_shops, shop, roderic_lattice_a, guppyfry_early_orc_mine

Skill      XL: |  1  2  3  4  5 |
---------------+----------------+-----
Staves         | 3 4 5 6 |  6.6
Fighting       | |  2.0
Throwing       | |  1.7
Dodging        | |  2.6

Action                   |  1- 3 |  4- 6 || total
-------------------------+-------+-------++-------
Melee: Quarterstaff      |    89 |   161 ||   250
  Use: Potion            |       |     3 ||     3
 Stab: Sleeping          |       |     2 ||     2
  Eat: Chunk             |       |     5 ||     5
Armor: Leather armour    |    35 |    62 ||    97
       Skin              |       |    11 ||    11
Dodge: Dodged            |    71 |   111 ||   182
